 Dungeon Crawl Stone Soup version 0.30-a0-570-g486de37d69 (webtiles) character file.

Game seed: 4460252522392596559

111336 kipponium the Spry (level 16, -18/127 HPs)
             Began as a Gnoll Wanderer on Dec 28, 2022.
             Was a High Priest of Okawaru.
             Killed from afar by a will-o-the-wisp (32 damage)
             ... with a foxfire
             ... on level 1 of the Swamp on Dec 29, 2022.
             The game lasted 03:08:50 (31034 turns).

kipponium the Spry (Gnoll Wanderer)                Turns: 31034, Time: 03:08:50

Health: -18/127    AC: 25    Str: 21    XL:     16   Next: 57%
Magic:  31/31      EV: 16    Int: 20    God:    Okawaru [*****.]
Gold:   2400       SH: 18    Dex: 13    Spells: 15/38 levels left

rFire   . . .      SeeInvis +    D - +4 broad axe (drain)
rCold   . . .      Faith    .    K - +1 kite shield of Good Intentions {+Blink rPois Stlth-}
rNeg    . . .      Spirit   .    b - +4 ring mail of the Turtle {rElec rCorr}
rPois   +          Reflect  +    J - +2 hat {Will+}
rElec   +          Harm     .    P - +2 cloak {Stlth+}
rCorr   +          Rampage  .    e - +0 pair of fencer's gloves {Riposte Dex+3}
Will    ++...                    Y - +5 pair of boots of an ice cave {Slay+3}
Stlth   ++++                     y - amulet of reflection
HPRegen 0.41/turn                l - ring of see invisible
MPRegen 0.22/turn                n - +6 ring of strength

@: no status effects
A: fangs 1, strong nose, distributed training, antennae 1, clever 1
a: Renounce Religion, Evoke Blink, Heroism, Finesse, Duel


You were on level 1 of the Swamp.
You worshipped Okawaru.
Okawaru was extremely pleased with you.
You visited 5 branches of the dungeon, and saw 24 of its levels.
You also visited: Trove, Sewer, Bailey and Gauntlet.

You collected 3060 gold pieces.
You spent 660 gold pieces at shops.

Inventory:

Hand Weapons
 f - a +0 double sword of holy wrath
 D - a +4 broad axe of draining (weapon)
Missiles
 m - 13 javelins
 p - a silver boomerang
 H - 3 datura-tipped darts
 R - 7 silver javelins (quivered)
 U - 10 curare-tipped darts
Armour
 b - the +4 ring mail of the Turtle (worn) {rElec rCorr}
   (You found it on level 3 of the Dungeon)

   rElec:     It insulates you from electricity.
   rCorr:     It protects you from acid and corrosion.
 e - the +0 pair of fencer's gloves (worn) {Riposte Dex+3}
   (You acquired it on level 5 of the Dungeon)

   It allows the wearer to riposte with melee weapons, swiftly retaliating
   against missed or blocked melee attacks.
   Dex:       It affects your dexterity (+3).
 J - a +2 hat of willpower (worn)
 K - the +1 kite shield of Good Intentions (worn) {+Blink rPois Stlth-}
   (You found it in a bailey)

   rPois:     It protects you from poison.
   +Blink:    It lets you blink.
   Stlth:     It makes you less stealthy.
 P - a +2 cloak of stealth (worn)
 Y - the +5 pair of boots of an ice cave (worn) {Slay+3}
   (Okawaru gifted it to you on level 5 of the Lair of Beasts)

   Slay:      It affects your accuracy & damage with ranged weapons and melee
   (+3).
Jewellery
 l - a ring of see invisible (left hand)
 n - a +6 ring of strength (right hand)
 y - an amulet of reflection (around neck)
 B - an amulet of magic regeneration
 E - the ring of Qahopsa {rC+ Will+ rCorr Str-4}
   (You found it in a Gauntlet)

   [ring of protection from cold]

   Str:       It affects your strength (-4).
   rC:        It protects you from cold.
   rCorr:     It protects you from acid and corrosion.
   Will:      It increases your willpower.
 G - an amulet of regeneration
 L - a ring of protection from fire
 W - a ring of positive energy
 X - a ring of protection from cold
Wands
 d - a wand of digging (1)
 k - a wand of light (6)
 s - a wand of paralysis (23)
 w - a wand of iceblast (11)
 C - a wand of mindburst (6)
Scrolls
 a - 4 scrolls of vulnerability
 c - 6 scrolls of fog
 h - 2 scrolls of enchant armour
 i - 3 scrolls of teleportation
 q - 8 scrolls of poison
 t - a scroll of magic mapping
 F - a scroll of brand weapon
 I - 3 scrolls of amnesia
 M - 2 scrolls of blinking
 N - 5 scrolls of fear
 Z - 3 scrolls of immolation
Potions
 g - 12 potions of curing
 j - a potion of heal wounds
 o - 3 potions of cancellation
 r - 7 potions of flight
 u - 2 potions of ambrosia
 v - 5 potions of magic
 x - 5 potions of resistance
 z - 2 potions of invisibility
 A - 3 potions of attraction
 Q - 3 potions of brilliance
 S - 2 potions of might


   Skills:
 + Level 12.2 Fighting
 + Level 11.4 Short Blades
 + Level 11.4 Long Blades
 + Level 11.4 Axes
 + Level 11.4 Maces & Flails
 + Level 11.4 Polearms
 + Level 11.4 Staves
 + Level 11.4 Ranged Weapons
 + Level 11.7 Throwing
 + Level 11.4 Armour
 + Level 15.1 Dodging
 + Level 11.4 Stealth
 + Level 11.4 Shields
 + Level 11.4 Unarmed Combat
 + Level 11.7 Spellcasting
 + Level 9.6 Conjurations
 + Level 9.6 Hexes
 + Level 9.6 Summonings
 + Level 9.6 Necromancy
 + Level 9.6 Translocations
 + Level 9.6 Transmutations
 + Level 9.6 Fire Magic
 + Level 9.6 Ice Magic
 + Level 9.6 Air Magic
 + Level 9.6 Earth Magic
 + Level 9.9 Poison Magic
 + Level 12.3 Invocations
 + Level 11.4 Evocations


You had 15 spell levels left.
You knew the following spells:

 Your Spells              Type           Power      Damage    Failure   Level
a - Poisonous Vapours     Pois/Air       100%       N/A       1%          2
c - Cigotuvi's Dreadful   Necr/Pois/Air  100%       N/A       1%          2
d - Stone Arrow           Conj/Erth      100%       3d13      1%          3
e - Kindle Blastsparks    Fire/Tloc/Air  100%       2d18      1%          3
f - Metabolic Englaciati  Hex/Ice        25%        N/A       10%         5
g - Ozocubu's Armour      Ice            50%        N/A       1%          3
h - Silence               Hex/Air        25%        N/A       10%         5

Your spell library contained the following spells:

 Spells                   Type           Power      Damage    Failure   Level
 Foxfire                  Conj/Fire      100%       2x1d9     1%          1
 Sandblast                Erth           100%       2d20      1%          1
 Shock                    Conj/Air       100%       1d9       1%          1
 Passwall                 Tmut/Erth      41%        N/A       1%          2
 Sublimation of Blood     Necr           50%        N/A       1%          2
 Wereblood                Tmut           50%        N/A       1%          2
 Dazzling Flash           Conj/Hex       100%       N/A       1%          3
 Swiftness                Air            50%        N/A       1%          3
 Vhi's Electric Charge    Tloc/Air       100%       N/A       1%          3
 Airstrike                Air            25%        2d(4-20)  3%          4
 Fulminant Prism          Conj/Hex       25%        3d13      3%          4
 Iskenderun's Mystic Bla  Conj/Tloc      50%        2d11      3%          4
 Agony                    Necr           50%        N/A       10%         5
 Arcjolt                  Conj/Air       25%        1d35      10%         5
 Blade Hands              Tmut           25%        N/A       10%         5
 Fireball                 Conj/Fire      25%        3d11      10%         5
 Lee's Rapid Deconstruct  Erth           25%        3d14*     10%         5
 Eringya's Noxious Bog    Tmut/Pois      25%        N/A       45%         6
 Iron Shot                Conj/Erth      25%        9d5       47%         6
 Starburst                Conj/Fire      25%        6d8       47%         6
 Maxwell's Capacitive Co  Air            25%        ∞         100%        8
 Animate Armour           Summ/Erth      Unusable   N/A       N/A         4
 Summon Forest            Summ/Tloc      Unusable   N/A       N/A         5
 Simulacrum               Ice/Necr       Unusable   N/A       N/A         6
 Summon Hydra             Summ           Unusable   N/A       N/A         7

Dungeon Overview and Level Annotations

Branches:
Dungeon (15/15)            Temple (1/1) D:5            Lair (5/5) D:9
  Swamp (1/4) Lair:2       Spider (0/4) Lair:2        Slime (0/5) Lair:4
    Orc (2/2) D:11            Elf (0/3) Orc:2        Vaults (0/5) D:13
 Depths (0/4) D:15          Sewer (visited)          Bailey (visited)
Gauntlet (visited)

Altars:
Ashenzari
Cheibriados
Dithmenos
Elyvilon
Fedhas
Gozag
Hepliaklqana
Kikubaaqudgha
Makhleb
Nemelex Xobeh
Okawaru
Qazlal
Ru
Sif Muna
Trog
Uskayaw
Vehumet
Wu Jian
Xom
Yredelemnul
Zin
The Shining One
Jiyva

Shops:
D:3 (((*(   D:7 [   D:13 ![   Orc:2 !!?*

Annotations:
D:7 2 transporters, archydragon's ghost, novice MiGl
D:8 exclusion: statue
D:11 1 runed translucent door
Lair:1 1 runed translucent door, hollybug's ghost, novice DsFi
Lair:2 exclusion: oklob plant
Lair:3 1 runed translucent door, GokuderaElPsyCongroo's ghost, journeyman DsFE


Innate Abilities, Weirdness & Mutations

You have very sharp teeth.
Your uncanny sense of smell can sniff out nearby items.
Your experience applies equally to all skills.
You have a pair of small antennae on your head.
Your mind is acute. (Int +4, Str/Dex -1)


Message History

You block the tyrant leech's attack.
You slash the tyrant leech!
You bite the tyrant leech, but do no damage.
The tyrant leech is almost dead.
The tyrant leech bites you but does no damage.
You barely miss the tyrant leech. Your bite misses the tyrant leech.
The tyrant leech is almost dead.
You barely miss the tyrant leech.
The tyrant leech is almost dead.
The tyrant leech closely misses you.
You riposte.
You slice the tyrant leech!!
You kill the tyrant leech!
Okawaru accepts your kill.
You start resting.
A will-o-the-wisp is nearby!
You see here a tyrant leech corpse.
You block the will-o-the-wisp's attack.
You riposte.
You slice the will-o-the-wisp!!
You bite the will-o-the-wisp, but do no damage.
The will-o-the-wisp is heavily damaged.
You barely miss the will-o-the-wisp.
The will-o-the-wisp is heavily damaged.
The will-o-the-wisp gestures.
The will-o-the-wisp conjures some foxfire!
The will-o-the-wisp gestures.
The will-o-the-wisp conjures some foxfire! 4 foxfires come into view.
You slice the will-o-the-wisp!!
The will-o-the-wisp is almost destroyed.
You slash the foxfire! x2; The foxfire hits you.
The foxfire hits you!! The foxfire hits you!
* * * LOW HITPOINT WARNING * * *
The foxfire hits you!!
* * * LOW HITPOINT WARNING * * *
The will-o-the-wisp gestures.
The will-o-the-wisp conjures some foxfire! 2 foxfires come into view.
You feel much better. The foxfire hits you!
* * * LOW HITPOINT WARNING * * *
The foxfire hits you!!
You die...

♣....#..~.♣♣
♣..♣..
...)~..#.~♣♣
.~[♣~~...#..♣♣
♣.♣~....##...♣♣
♣♣♣♣.(..##....♣♣
######.##.#.# ♣♣
######.# ~~~.
#....†♣♣♣..~~.
#...~.@v~~~~~~
#..~~~§v§~~~~~
#.§~~.§§§.~~~~
#~~~~......~~~
#~~~~.........
....~~~~~§...♣♣
♣♣♣..~~~~~~...♣
♣♣♣....~~♣♣♣♣
♣♣♣♣♣♣♣♣


You could see a will-o-the-wisp.

Vanquished Creatures
  Jorgrun (D:13)
  An ironbound preserver (D:13)
  An eleionoma (Swamp:1)
  A minotaur (Gauntlet)
  Josephine (Orc:1)
  A hell beast (Gauntlet)
  8 hydras
  An alligator (Swamp:1)
  4 centaur warriors
  4 boulder beetles
  3 two-headed ogres
  2 tengu warriors
  4 orc high priests
  9 death yaks
  Nergalle (Lair:2)
  A storm dragon zombie (D:15)
  Sonja (Lair:3)
  12 skeletal warriors
  A flayed ghost (D:15)
  A spark wasp zombie (D:15)
  A lindwurm (Lair:3)
  A bog body (Lair:2)
  A wizard (D:14)
  Pikel (D:5)
  4 orc knights (Orc:2)
  A necromancer (D:15)
  6 deep elf pyromancers
  5 deep elf zephyrmancers (D:15)
  A wolf spider (Lair:5)
  4 cyclopes
  5 orc sorcerers
  9 ugly things
  A manticore (D:14)
  10 elephants
  A guardian serpent (Lair:5)
  7 black mambas
  19 cane toads
  An unseen horror (D:9)
  3 gargoyles
  A spriggan zombie (D:15)
  7 rime drakes
  A kobold demonologist (D:13)
  6 komodo dragons
  Maggie (D:7)
  8 trolls
  A freezing wraith (D:15)
  3 tyrant leeches (Swamp:1)
  6 polar bears
  A wolf spider simulacrum (Gauntlet)
  3 hornets
  5 dream sheep
  14 slime creatures
  17 blink frogs
  2 centaur simulacra
  2 shadows
  65 yaks
  A vampire (D:11)
  7 wraiths
  10 basilisks
  8 vampire mosquitoes
  2 steam dragons
  20 wyverns
  5 redbacks (Lair:5)
  5 wargs
  2 swamp worms (Lair:2)
  2 acid dragons
  A harpy simulacrum (Gauntlet)
  24 water moccasins
  2 swamp drakes (Swamp:1)
  A hell hound (Gauntlet)
  30 orc warriors
  A black bear (D:5)
  3 ice beasts
  7 ogres
  4 sky beasts
  10 wolves
  12 centaurs
  2 lemures (D:6)
  2 phantoms
  7 kobold brigands
  2 gnoll sergeants
  5 necrophages
  14 bullfrogs
  3 scorpions
  12 wights
  5 killer bees (D:11)
  6 spriggan skeletons
  5 howler monkeys
  A troll skeleton (D:9)
  7 electric eels
  18 orc priests
  6 jellies
  6 iguanas
  Natasha (thrice) (D:2)
  16 orc wizards
  7 hell rats (Lair:4)
  A boggart simulacrum (Gauntlet)
  15 gnolls
  3 adders
  2 river rats
  A shadow imp (D:4)
  2 white imps
  A worm (D:7)
  2 dart slugs (D:1)
  87 orcs
  6 endoplasms
  4 giant cockroaches
  8 goblins
  11 hobgoblins
  7 jackals (D:1)
  3 quokkas
  3 ball pythons
  4 bats
  3 frilled lizards
  A jackal zombie (D:4)
  30 kobolds
  A kobold zombie (D:4)
  17 rats
778 creatures vanquished.

Vanquished Creatures (collateral kills)
  2 foxfires (D:9)
2 creatures vanquished.

Vanquished Creatures (others)
  A human (D:4)
  A hound (D:4)
  An orc wizard (Orc:2)
  344 foxfires
  57 fungi
  112 plants
  12 withered plants
528 creatures vanquished.

Grand Total: 1308 creatures vanquished

Notes
Turn   | Place    | Note
-------+----------+-------------------------------------------
     0 | D:1      | Reached skill level 10 in Dodging
     0 | D:1      | kipponium the Gnoll Wanderer began the quest for the Orb.
     0 | D:1      | kipponium set off with the following items: a +0 club, 2
                  | throwing nets, a scroll of fog, a potion of lignification,
                  | a +0 leather armour; and the following spells available to
                  | memorise: Poisonous Vapours, Cigotuvi's Dreadful Rot.
     0 | D:1      | Reached XP level 1. HP: 20/20 MP: 4/4
   196 | D:1      | Reached XP level 2. HP: 26/26 MP: 5/5
   199 | D:1      | Learned a level 2 spell: Poisonous Vapours
   510 | D:1      | Reached XP level 3. HP: 31/31 MP: 7/7
   549 | D:1      | Reached skill level 1 in Invocations
   791 | D:1      | Reached skill level 1 in Short Blades
   791 | D:1      | Reached skill level 1 in Long Blades
   791 | D:1      | Reached skill level 1 in Axes
   791 | D:1      | Reached skill level 1 in Maces & Flails
   791 | D:1      | Reached skill level 1 in Polearms
   791 | D:1      | Reached skill level 1 in Staves
   791 | D:1      | Reached skill level 1 in Ranged Weapons
   791 | D:1      | Reached skill level 1 in Armour
   791 | D:1      | Reached skill level 1 in Stealth
   791 | D:1      | Reached skill level 1 in Shields
   791 | D:1      | Reached skill level 1 in Unarmed Combat
   791 | D:1      | Reached skill level 1 in Evocations
  1074 | D:1      | Reached XP level 4. HP: 25/38 MP: 6/8
  1592 | D:2      | Noticed Natasha
  1607 | D:2      | Killed Natasha
  1608 | D:2      | Reached skill level 1 in Conjurations
  1608 | D:2      | Reached skill level 1 in Hexes
  1608 | D:2      | Reached skill level 1 in Summonings
  1608 | D:2      | Reached skill level 1 in Necromancy
  1608 | D:2      | Reached skill level 1 in Translocations
  1608 | D:2      | Reached skill level 1 in Transmutations
  1608 | D:2      | Reached skill level 1 in Fire Magic
  1608 | D:2      | Reached skill level 1 in Ice Magic
  1608 | D:2      | Reached skill level 1 in Air Magic
  1608 | D:2      | Reached skill level 1 in Earth Magic
  1765 | D:2      | Found a sacrificial altar of Ru.
  2088 | D:2      | Noticed Natasha
  2099 | D:2      | Killed Natasha
  2100 | D:2      | Reached XP level 5. HP: 39/43 MP: 1/9
  2276 | D:2      | Noticed Natasha
  2293 | D:2      | Killed Natasha
  2470 | D:3      | Found Wojigot's Assorted Antiques.
  2550 | D:3      | Found Afocouh's Weapon Emporium.
  2564 | D:3      | Identified the +4 ring mail of the Turtle {rElec rCorr}
  2599 | D:3      | Found a glowing drain.
  2732 | Sewer    | Entered a sewer
  2836 | Sewer    | Noticed a kobold brigand
  2856 | Sewer    | Killed a kobold brigand
  2857 | Sewer    | Reached XP level 6. HP: 25/50 MP: 6/11
  2960 | Sewer    | Found a white marble altar of Elyvilon.
  3137 | D:3      | Found Huir's Antique Weapon Boutique.
  3152 | D:3      | Found Midouxotz's Antique Weapon Shoppe.
  3165 | D:3      | Found Bynleunih's Antique Weapon Shop.
  3781 | D:3      | Reached skill level 5 in Fighting
  3886 | D:4      | Found a runed translucent door.
  3886 | D:4      | Noticed a human
  3893 | D:4      | Found a basalt altar of Yredelemnul.
  4529 | D:4      | Reached XP level 7. HP: 56/56 MP: 0/12
  4538 | D:4      | Noticed a wyvern
  4788 | D:4      | Killed a human
  5009 | D:5      | Entered Level 5 of the Dungeon
  5066 | D:4      | Killed a wyvern
  5421 | D:5      | Reached XP level 8. HP: 57/63 MP: 14/14
  5461 | D:5      | Found a staircase to the Ecumenical Temple.
  5790 | Temple   | Entered the Ecumenical Temple
  6029 | D:5      | Identified a scroll of acquirement
  6054 | D:5      | Acquired the +0 pair of fencer's gloves {Riposte Dex+3}
  6054 | D:5      | Found the +0 pair of fencer's gloves {Riposte Dex+3}
  6354 | D:5      | Reached skill level 11 in Dodging
  6912 | D:6      | Noticed Pikel
  6994 | D:5      | Killed Pikel
  6995 | D:5      | Reached skill level 5 in Throwing
  6995 | D:5      | Reached skill level 5 in Spellcasting
  6995 | D:5      | Reached XP level 9. HP: 69/69 MP: 5/16
  7460 | D:6      | Reached skill level 5 in Invocations
  7696 | D:7      | Noticed Maggie
  7707 | D:7      | Killed Maggie
  8040 | D:7      | Learned a level 1 spell: Foxfire
  8070 | D:7      | Reached skill level 5 in Short Blades
  8070 | D:7      | Reached skill level 5 in Long Blades
  8070 | D:7      | Reached skill level 5 in Axes
  8070 | D:7      | Reached skill level 5 in Maces & Flails
  8070 | D:7      | Reached skill level 5 in Polearms
  8070 | D:7      | Reached skill level 5 in Staves
  8070 | D:7      | Reached skill level 5 in Ranged Weapons
  8070 | D:7      | Reached skill level 5 in Armour
  8070 | D:7      | Reached skill level 5 in Stealth
  8070 | D:7      | Reached skill level 5 in Shields
  8070 | D:7      | Reached skill level 5 in Unarmed Combat
  8070 | D:7      | Reached skill level 5 in Evocations
  8070 | D:7      | Reached XP level 10. HP: 75/77 MP: 1/18
  8105 | D:7      | Noticed a two-headed ogre
  8138 | D:7      | Killed a two-headed ogre
  8245 | D:7      | Found a transporter.
  8245 | D:7      | Found a transporter.
  8245 | D:7      | Noticed archydragon's ghost (novice MiGl)
  8344 | D:7      | Reached skill level 5 in Poison Magic
  8424 | D:7      | Found an iron altar of Okawaru.
  8449 | D:7      | Became a worshipper of Warmaster Okawaru
  8450 | D:7      | Acquired an amulet of regeneration
  8573 | D:7      | Noticed a moth of wrath
  8577 | D:7      | Found a bloodstained altar of Trog.
  9120 | D:7      | Found Yluwn's Antique Armour Emporium.
  9232 | D:8      | Found a flagged portal.
  9253 | Bailey   | Entered a bailey
  9842 | Bailey   | Reached * piety under Okawaru
 10087 | Bailey   | Identified the +7 battleaxe of Rulutt {protect, +Blink rN+
                  | Will- Int+6}
 10088 | Bailey   | Identified the +1 plate armour "Wanyas" {+Blink}
 10092 | Bailey   | Identified the +1 kite shield of Good Intentions {+Blink
                  | rPois Stlth-}
 10364 | D:8      | Found a white marble altar of Elyvilon.
 10505 | D:8      | Reached skill level 12 in Dodging
 10555 | D:8      | Found a radiant altar of Vehumet.
 10846 | D:8      | Noticed a two-headed ogre
 10867 | D:8      | Killed a two-headed ogre
 10867 | D:8      | Reached ** piety under Okawaru
 10868 | D:8      | Reached skill level 5 in Conjurations
 10868 | D:8      | Reached skill level 5 in Hexes
 10868 | D:8      | Reached skill level 5 in Summonings
 10868 | D:8      | Reached skill level 5 in Necromancy
 10868 | D:8      | Reached skill level 5 in Translocations
 10868 | D:8      | Reached skill level 5 in Transmutations
 10868 | D:8      | Reached skill level 5 in Fire Magic
 10868 | D:8      | Reached skill level 5 in Ice Magic
 10868 | D:8      | Reached skill level 5 in Air Magic
 10868 | D:8      | Reached skill level 5 in Earth Magic
 10868 | D:8      | Reached XP level 11. HP: 27/85 MP: 13/21
 11382 | D:9      | Found a sacrificial altar of Ru.
 11435 | D:9      | Found a staircase to the Lair.
 11843 | D:9      | Identified the +5 leather armour of Loss {SInv}
 12266 | D:9      | Reached *** piety under Okawaru
 12699 | D:10     | Entered Level 10 of the Dungeon
 12805 | D:10     | Reached **** piety under Okawaru
 13027 | D:10     | Received a gift from Okawaru
 13564 | D:10     | Gained mutation: You have a pair of small antennae on your
                  | head. [potion of mutation]
 13564 | D:10     | Gained mutation: Your mind is acute. (Int +4, Str/Dex -1)
                  | [potion of mutation]
 13711 | D:10     | Reached XP level 12. HP: 70/94 MP: 7/23
 13883 | Lair:1   | Entered Level 1 of the Lair of Beasts
 13905 | Lair:1   | Found a runed translucent door.
 13905 | Lair:1   | Noticed hollybug's ghost (novice DsFi)
 13990 | Lair:1   | Reached ***** piety under Okawaru
 14900 | Lair:2   | Noticed Nergalle
 14965 | Lair:2   | Received a gift from Okawaru
 14968 | Lair:2   | Noticed a five-headed hydra
 15042 | Lair:2   | Found an ornate altar of the Wu Jian Council.
 15066 | Lair:2   | Noticed a five-headed hydra
 15067 | Lair:2   | Upgraded the game from 0.30-a0-567-gf7fd966b4a to
                  | 0.30-a0-570-g486de37d69
 15099 | Lair:2   | Learned a level 2 spell: Cigotuvi's Dreadful Rot
 15178 | Lair:2   | Noticed a five-headed hydra
 15227 | Lair:2   | Received a gift from Okawaru
 15408 | Lair:2   | HP: 2/89 [bog body (19)]
 15484 | Lair:2   | Killed a five-headed hydra
 15492 | Lair:2   | Killed a five-headed hydra
 15492 | Lair:2   | Received a gift from Okawaru
 15655 | Lair:2   | Killed Nergalle
 15739 | Lair:2   | Reached skill level 13 in Dodging
 15752 | Lair:2   | Killed a five-headed hydra
 15895 | Lair:2   | Found a staircase to the Swamp.
 15950 | Lair:2   | Reached XP level 13. HP: 101/101 MP: 16/25
 16085 | Lair:2   | Found a hole to the Spider Nest.
 16132 | Lair:2   | Received a gift from Okawaru
 16320 | Lair:2   | Found a blossoming altar of Fedhas.
 16747 | Lair:2   | Received a gift from Okawaru
 16774 | Lair:3   | Identified the +1 scale mail of the Bagpipe {rPois Str-4
                  | Int+6 Dex+4}
 17088 | Lair:3   | Reached ****** piety under Okawaru
 17088 | Lair:3   | Received a gift from Okawaru
 17401 | Lair:3   | Found a runed translucent door.
 17407 | Lair:3   | Noticed GokuderaElPsyCongroo's ghost (journeyman DsFE)
 17470 | Lair:3   | Learned a level 3 spell: Stone Arrow
 17484 | Lair:3   | Noticed Sonja
 17494 | Lair:3   | Killed Sonja
 17854 | Lair:3   | Reached skill level 10 in Fighting
 18405 | Lair:3   | Identified the +8 plate armour of the Accordion {rElec
                  | Int+3} (Okawaru gifted it to you on level 3 of the Lair of
                  | Beasts)
 18405 | Lair:3   | Received a gift from Okawaru
 18599 | Lair:4   | Learned a level 3 spell: Kindle Blastsparks
 18605 | Lair:4   | Learned a level 5 spell: Metabolic Englaciation
 18663 | Lair:4   | Reached XP level 14. HP: 95/110 MP: 23/27
 18681 | Lair:4   | Reached skill level 10 in Invocations
 19364 | Lair:4   | Learned a level 3 spell: Ozocubu's Armour
 19412 | Lair:4   | Found a viscous altar of Jiyva.
 19473 | Lair:4   | Found a staircase to the Slime Pits.
 20005 | Lair:5   | Entered Level 5 of the Lair of Beasts
 20300 | Lair:5   | Identified the +5 pair of boots of an ice cave {Slay+3}
                  | (Okawaru gifted it to you on level 5 of the Lair of Beasts)
 20300 | Lair:5   | Received a gift from Okawaru
 20318 | Lair:5   | Reached skill level 10 in Spellcasting
 20583 | Lair:5   | Reached skill level 10 in Throwing
 20927 | Lair:5   | Reached skill level 14 in Dodging
 21874 | Lair:5   | Reached skill level 10 in Short Blades
 21874 | Lair:5   | Reached skill level 10 in Long Blades
 21874 | Lair:5   | Reached skill level 10 in Axes
 21874 | Lair:5   | Reached skill level 10 in Maces & Flails
 21874 | Lair:5   | Reached skill level 10 in Polearms
 21874 | Lair:5   | Reached skill level 10 in Staves
 21874 | Lair:5   | Reached skill level 10 in Ranged Weapons
 21874 | Lair:5   | Reached skill level 10 in Armour
 21874 | Lair:5   | Reached skill level 10 in Stealth
 21874 | Lair:5   | Reached skill level 10 in Shields
 21874 | Lair:5   | Reached skill level 10 in Unarmed Combat
 21874 | Lair:5   | Reached skill level 10 in Evocations
 22134 | Lair:5   | Reached XP level 15. HP: 104/118 MP: 15/29
 22366 | Lair:5   | Received a gift from Okawaru
 22734 | D:11     | Received a gift from Okawaru
 22937 | D:11     | Found a staircase to the Orcish Mines.
 22958 | D:11     | Found a runed translucent door.
 23508 | Orc:1    | Entered Level 1 of the Orcish Mines
 23580 | Orc:1    | Received a gift from Okawaru
 23601 | Orc:1    | Noticed Josephine
 23619 | Orc:1    | Killed Josephine
 24111 | Orc:2    | Entered Level 2 of the Orcish Mines
 24659 | Orc:2    | Received a gift from Okawaru
 24685 | Orc:2    | Found a staircase to the Elven Halls.
 24904 | Orc:2    | Paralysed by an orc sorcerer for 5 turns
 25475 | Orc:2    | Paralysed by an orc sorcerer for 3 turns
 25690 | Orc:2    | Found Lurhyot's Distillery.
 25690 | Orc:2    | Found Gojus's Assorted Antiques.
 25694 | Orc:2    | Found Ymolush's Distillery.
 25694 | Orc:2    | Found Raitit's Magic Scroll Shoppe.
 25706 | Orc:2    | Bought a scroll of teleportation for 30 gold pieces
 25706 | Orc:2    | Bought a scroll of blinking for 75 gold pieces
 26072 | D:12     | Found a portal to a secret trove of treasure.
 26164 | Arena    | Entered the Arena
 26642 | D:12     | Received a gift from Okawaru
 26863 | Trove    | Entered a treasure trove
 26876 | Trove    | Identified the +6 arbalest "Naram" {speed, SInv}
 26884 | Trove    | Identified the amulet "Jukoso" {Faith rC+}
 26887 | Trove    | Identified the ring of Hegygul {Drain AC+4 Str+3 Dex+3}
 26894 | Trove    | Identified the amulet of the Devil's Advocate {RegenMP
                  | SInv}
 26915 | Trove    | Identified the +6 chain mail of the Narrow God {rF+ Regen+}
 26988 | D:13     | Found Isuig's Antique Armour Shop.
 26997 | D:13     | Bought a pair of embroidered gloves for 285 gold pieces
 27125 | D:13     | Noticed Jorgrun
 27142 | D:13     | Killed Jorgrun
 27268 | D:13     | Found a gate to the Vaults.
 27292 | D:13     | Learned a level 5 spell: Silence
 27494 | D:13     | Found Odimyede's Distillery.
 27498 | D:13     | Bought a potion of heal wounds for 90 gold pieces
 27498 | D:13     | Bought a potion of resistance for 180 gold pieces
 28128 | D:14     | Identified the +9 mace "Qoenetac" {freeze, rPois rF- Will+}
 28148 | D:14     | Found a gate leading to a gauntlet.
 28162 | Gauntlet | Entered a Gauntlet
 28162 | Gauntlet | Found a transporter.
 28163 | Gauntlet | Found a runed translucent door.
 28165 | Gauntlet | Found a transporter.
 28167 | Gauntlet | Found a runed translucent door.
 28169 | Gauntlet | Found a transporter.
 28173 | Gauntlet | Found a transporter.
 28180 | Gauntlet | Found a runed translucent gate.
 28181 | Gauntlet | Found a transporter.
 28181 | Gauntlet | Found a transporter.
 28181 | Gauntlet | Found a runed translucent gate.
 28182 | Gauntlet | Found a transporter.
 28185 | Gauntlet | Found a transporter.
 28251 | Gauntlet | Found a transporter.
 28253 | Gauntlet | Found a transporter.
 28258 | Gauntlet | Found a transporter.
 28267 | Gauntlet | Found a runed translucent gate.
 28351 | Gauntlet | Found a transporter.
 28457 | Gauntlet | Identified the +1 hat of the Bells {Fly rElec MP-9 Dex+5}
 28505 | Gauntlet | Identified the ring of Qahopsa {rC+ Will+ rCorr Str-4}
 28650 | Gauntlet | Identified the +1 pair of boots of the Barber Surgeon
                  | {Str+5}
 28759 | D:14     | Reached XP level 16. HP: 124/127 MP: 31/31
 28760 | D:14     | Found a shadowy altar of Dithmenos.
 29190 | D:15     | Entered Level 15 of the Dungeon
 29682 | D:15     | Reached skill level 15 in Dodging
 29896 | D:15     | Found a staircase to the Depths.
 30826 | Swamp:1  | Entered Level 1 of the Swamp
 31034 | Swamp:1  | Killed from afar by a will-o-the-wisp

Illustrated notes

Levels and vault maps discovered:
D:1:      psy_arrival_wood_between_worlds, layout_loops_ring,
          nicolae_grassy_gnolls
D:2:      layout_basic, basic_altar, uniq_natasha
D:3:      layout_basic, portal_sewer_entry_c, serial_shops, shop,
          nicolae_shop_trees, nicolae_shop_advertising_works
          [nicolae_subvault_shop_adworks], nicolae_shop_statue_plus, shop
D:4:      layout_loops_ring, dk_yredelemnul_ordeal
D:5:      layout_rooms, minmay_temple_entry_slanted
D:6:      layout_basic, uniq_pikel
D:7:      layout_basic, okawaru_ov_weapons_minmay, tgw_trog, serial_shops,
          kennysheep_little_box, gammafunk_ghost_hive, uniq_maggie
D:8:      layout_basic, vehumet_statue, elyvilon_altar_3, enter_bailey_4,
          kennysheep_generic_room_6
D:9:      kennysheep_spiral_hall, layout_cave_pods, nicolae_ru_path_of_blood,
          erik_lair_orcish_takeover, minmay_misc_feat_plants,
          hangedman_tell_no_tales
D:10:     layout_basic
D:11:     cheibrodos_shockbox, layout_long_grid, david_orc_5
D:12:     layout_cave_pools, nicolae_trove_entry_crossroad
D:13:     layout_roguey, skrybe_vaults_entry_preservation, serial_shops, shop,
          nicolae_shop_crystal, uniq_jorgrun
D:14:     layout_roguey, gauntlet_entry_generic, minmay_misc_feat_tower,
          grunt_dithmenos_smoke_and_mirrors
D:15:     gammafunk_depths_entry_grave, layout_loops_ring, elves_outpost_lemuel
Temple:   nicolae_temple_slightly_damp_pantheon
Lair:1:   layout_chaotic_city, gammafunk_ghost_grave
Lair:2:   nzn_winding_woodlands_three_and_one [nzn_winding_woodlands_5x15_pool,
          nzn_winding_woodlands_5x15_garden, nzn_winding_woodlands_5x15_jagged,
          nzn_winding_woodlands_center_pierced_h], layout_regular_city,
          nicolae_swamp_entry_splash_gauntlet, spider_nest_entry_web_field,
          basic_altar, tgw_fedhas, uniq_nergalle
Lair:3:   layout_chaotic_city, ebering_ghost_reflecting_pool,
          grunt_megastairs_4, uniq_sonja
Lair:4:   layout_roguey [special_room_mythical_zoo], minmay_slime_entry_pillars,
          grunt_megastairs_3, lemuel_fruit_tree, serial_bayou_shore_b
Lair:5:   hangedman_lair_tendril_chambers, layout_gridlike
Swamp:1:  layout_basic_swamp, evilmike_swamp_ruin_wall
Orc:1:    layout_caves, uniq_josephine
Orc:2:    grunt_orc_tribal_feast, layout_caves

Skill      XL: |  1  2  3  4  5  6  7  8  9 10 11 12 13 14 15 16 |
---------------+-------------------------------------------------+-----
Dodging        | 11 12 13 14 15 | 15.1
Poison Magic   | 2 3 4 5 6 7 8 9 |  9.9
Invocations    | 1 2 3 4 5 6 7 8 9 10 11 12 | 12.3
Short Blades   | 1 2 3 4 5 6 7 8 9 10 11 | 11.4
Long Blades    | 1 2 3 4 5 6 7 8 9 10 11 | 11.4
Axes           | 1 2 3 4 5 6 7 8 9 10 11 | 11.4
Maces & Flails | 1 2 3 4 5 6 7 8 9 10 11 | 11.4
Polearms       | 1 2 3 4 5 6 7 8 9 10 11 | 11.4
Staves         | 1 2 3 4 5 6 7 8 9 10 11 | 11.4
Ranged Weapons | 1 2 3 4 5 6 7 8 9 10 11 | 11.4
Armour         | 1 2 3 4 5 6 7 8 9 10 11 | 11.4
Stealth        | 1 2 3 4 5 6 7 8 9 10 11 | 11.4
Shields        | 1 2 3 4 5 6 7 8 9 10 11 | 11.4
Unarmed Combat | 1 2 3 4 5 6 7 8 9 10 11 | 11.4
Evocations     | 1 2 3 4 5 6 7 8 9 10 11 | 11.4
Spellcasting   | 3 4 5 6 7 8 9 10 11 | 11.7
Conjurations   | 1 2 3 4 5 6 7 8 9 |  9.6
Hexes          | 1 2 3 4 5 6 7 8 9 |  9.6
Summonings     | 1 2 3 4 5 6 7 8 9 |  9.6
Necromancy     | 1 2 3 4 5 6 7 8 9 |  9.6
Translocations | 1 2 3 4 5 6 7 8 9 |  9.6
Transmutations | 1 2 3 4 5 6 7 8 9 |  9.6
Fire Magic     | 1 2 3 4 5 6 7 8 9 |  9.6
Ice Magic      | 1 2 3 4 5 6 7 8 9 |  9.6
Air Magic      | 1 2 3 4 5 6 7 8 9 |  9.6
Earth Magic    | 1 2 3 4 5 6 7 8 9 |  9.6
Throwing       | 3 4 5 6 7 8 9 10 11 | 11.7
Fighting       | 5 6 7 8 9 10 11 12 | 12.2

Action                   |  1- 3 |  4- 6 |  7- 9 | 10-12 | 13-15 | 16-18 || total
-------------------------+-------+-------+-------+-------+-------+-------++-------
Melee: Club              |    18 |       |       |       |       |       ||    18
       Dagger            |    51 |       |       |       |       |       ||    51
       Bite              |    14 |    29 |    63 |   101 |   290 |    51 ||   548
       Whip              |    80 |       |       |       |       |       ||    80
       Rapier            |    16 |   199 |   369 |       |       |       ||   584
       Punch             |       |     6 |    14 |     4 |       |       ||    24
       Trident           |       |       |    27 |   676 |   996 |       ||  1699
       Broad axe         |       |       |       |       |   329 |   230 ||   559
       Double sword      |       |       |       |       |     7 |    11 ||    18
Throw: Dart              |       |    21 |    44 |    46 |     4 |       ||   115
       Throwing net      |       |     3 |       |       |       |       ||     3
       Javelin           |       |       |       |    11 |    21 |     3 ||    35
       Boomerang         |       |       |       |       |    17 |     3 ||    20
 Cast: Poisonous Vapours |    10 |    21 |    61 |   155 |   244 |    10 ||   501
       Foxfire           |       |       |    18 |   162 |    12 |       ||   192
       Cigotuvi's Dreadf |       |       |       |     1 |     4 |       ||     5
       Stone Arrow       |       |       |       |       |    82 |    13 ||    95
       Kindle Blastspark |       |       |       |       |    13 |       ||    13
       Ozocubu's Armour  |       |       |       |       |     7 |       ||     7
       Metabolic Englaci |       |       |       |       |     4 |       ||     4
Invok: Heroism           |       |       |       |       |     3 |       ||     3
       Finesse           |       |       |       |       |     1 |       ||     1
       Duel              |       |       |       |       |     1 |       ||     1
 Abil: Evoke Blink       |       |       |       |     1 |       |       ||     1
Evoke: Wand              |       |       |       |    16 |     9 |       ||    25
  Use: Scroll            |       |     6 |     4 |    19 |    20 |     1 ||    50
       Potion            |       |       |     3 |     6 |     2 |     1 ||    12
 Stab: Sleeping          |       |     1 |     2 |     7 |    12 |     4 ||    26
       Held in net/web   |       |     1 |       |       |       |       ||     1
       Invisible         |       |       |     3 |       |       |       ||     3
       Distracted        |       |       |       |       |     3 |       ||     3
Armor: Leather armour    |    19 |     3 |       |       |       |       ||    22
       Ring mail         |       |    82 |   160 |   271 |   489 |    78 ||  1080
       Skin              |       |       |     5 |       |       |       ||     5
Dodge: Dodged            |   131 |   137 |   306 |   428 |   731 |   101 ||  1834
Block: Kite shield       |       |       |       |   299 |  1022 |   189 ||  1510
       Reflection        |       |       |       |       |    15 |     5 ||    20
       Rpst.: Rapier     |       |       |    41 |       |       |       ||    41
       Trident           |       |       |     3 |   186 |   400 |       ||   589
       Broad axe         |       |       |       |       |   117 |    57 ||   174
       Double sword      |       |       |       |       |     5 |     3 ||     8

Table legend: (Time is in decaauts)
 A = Elapsed time spent in this place.
 B = Non-inter-level travel time spent in this place.
 C = Inter-level travel time spent in this place.
 D = Time resting spent in this place.
 E = Time spent auto-exploring this place.
 F = Levels seen in this place.
 G = Mean time per level.
                   A        B        C        D        E       F      G
               +--------+--------+--------+--------+--------+-----+--------+
         Total |  31299 |  29863 |   1436 |   6812 |  12947 |  29 | 1079.3 |
       Dungeon |  18093 |  17234 |    859 |   3686 |   8746 |  15 | 1206.2 |
        Temple |    182 |    164 |     18 |      0 |    147 |   1 |  182.0 |
          Lair |   8768 |   8246 |    522 |   1732 |   3117 |   5 | 1753.6 |
         Swamp |    226 |    226 |      0 |     53 |     66 |   1 |  226.0 |
  Orcish Mines |   2165 |   2129 |     36 |    713 |    701 |   2 | 1082.5 |
         Trove |     72 |     72 |      0 |      0 |      0 |   1 |   72.0 |
         Sewer |    301 |    301 |      0 |    104 |     64 |   1 |  301.0 |
        Bailey |    951 |    951 |      0 |    446 |     82 |   1 |  951.0 |
      Gauntlet |    518 |    518 |      0 |     69 |     23 |   1 |  518.0 |
         Arena |     18 |     18 |      0 |      9 |      0 |   1 |   18.0 |
               +--------+--------+--------+--------+--------+-----+--------+

Top non-repeatable levels by time:
  Lair:5: 2276 daAuts
  Lair:2: 2202 daAuts
  Lair:4: 1675 daAuts
     D:9: 1645 daAuts
   Orc:2: 1575 daAuts
     D:7: 1505 daAuts
  Lair:3: 1448 daAuts
     D:1: 1379 daAuts
    D:15: 1345 daAuts
    D:11: 1339 daAuts
     D:3: 1246 daAuts
     D:4: 1226 daAuts
     D:2: 1198 daAuts
    D:10: 1190 daAuts
     D:5: 1190 daAuts
